Map: Disco Bloodbath LE

Players

Elazer

  • Race: Zerg Zerg
  • Spawn Location: 9:00

Harstem - Winner!

  • Race: Protoss Protoss
  • League: Grandmaster
  • Spawn Location: 3:00

VOD

Have the link to the VOD?

Description

Time

  • Played on: Aug. 29, 2019, 11:51 a.m.
  • Length: 7:15
Show
View Real Time Build Order
Export as new Build Order

Elazer Zerg 

Build Orders: Hatch First 

Get SALT Encoding   

  12  0:00  Drone  
  13  0:12  Overlord  
  13  0:17  Drone  
  14  0:30  Drone x2  
  16  0:47  Hatchery  
  15  0:50  Drone  
  15  0:54  Drone  
  17  0:57  Drone  
  18  1:07  Extractor  
  17  1:12  Spawning Pool  
  17  1:15  Drone  
  18  1:18  Drone  
  18  1:27  Drone  
  19  1:38  Drone  
  20  1:49  Drone  
  21  1:59  Queen x2  
  21  2:00  Overlord, Zergling x2  
  26  2:10  Drone  
  26  2:11  Zergling x2  
  28  2:21  Drone x2  
  30  2:29  Hatchery  
  29  2:31  Drone  
  29  2:32  Drone  
  31  2:40  Queen  
  33  2:46  Metabolic Boost  
  33  2:47  Overlord  
  33  2:50  Drone  
  34  2:52  Drone  
  34  2:54  Drone  
  36  3:06  Drone  
  36  3:07  Drone  
  36  3:08  Drone  
  36  3:09  Drone x3  
  36  3:12  Overlord  
  42  3:20  Queen  
  42  3:24  Overlord  
  44  3:33  Drone x4  
  48  3:40  Drone x4  
  52  3:42  Overlord  
  52  3:49  Spore Crawler  
  52  3:54  Drone x6  
  57  3:59  Queen  
  57  4:01  Spore Crawler  
  58  4:06  Overlord  
  58  4:07  Spore Crawler  
  58  4:09  Drone  
  58  4:13  Drone x3  
  58  4:16  Zergling x6  
  64  4:21  Zergling x2  
  65  4:26  Overlord  
  65  4:27  Zergling x4  
  65  4:28  Zergling x2  
  68  4:31  Overlord  
  68  4:35  Extractor x2  
  68  4:36  Roach Warren  
  68  4:37  Drone x4  
  69  4:39  Overlord  
  69  4:43  Overlord  
  69  4:47  Overlord  
  69  4:50  Overlord  
  68  4:54  Drone x4  
  68  4:58  Drone  
  73  5:04  Overlord  
  73  5:06  Drone, Lair  
  74  5:07  Drone  
  74  5:08  Drone x2  
  77  5:14  Queen  
  77  5:19  Drone x3  
  77  5:20  Overlord  
  78  5:21  Drone  
  78  5:22  Drone  
  78  5:24  Overlord  
  78  5:25  Evolution Chamber, Roach  
  78  5:26  Roach  
  83  5:31  Roach x2  
  87  5:38  Drone  
  87  5:40  Extractor  
  87  5:41  Extractor  
  87  5:42  Overlord  
  86  5:44  Roach x4  
  86  5:48  Roach x3  
  99  5:51  Roach x2  
  99  5:53  Ravager  
  99  5:54  Ravager x3  
  111  5:57  Roach x2  
  111  6:02  Roach x2  
  115  6:06  Roach  
  115  6:07  Roach  
  115  6:10  Overlord  
  119  6:11  Roach x2  
  119  6:17  Roach x3  
  126  6:19  Overlord  
  114  6:36  Roach x7  
  114  6:39  Roach  
  120  6:40  Roach  
  120  6:46  Roach x3  
  123  6:51  Roach  
  123  6:52  Zergling x4, Roach x2  
Show
View Real Time Build Order
Export as new Build Order

Harstem Protoss - Winner!

Build Orders: 1 Gate Expand, Oracle Opening, Phoenix Opening 

Get SALT Encoding   

  12  0:00  Probe  
  13  0:12  Probe  
  14  0:20  Pylon  
  14  0:25  Probe  
  15  0:34  Probe  
  15  0:41  Gateway  
  15  0:42  Probe  
  17  0:51  Assimilator  
  17  0:52  Probe  
  18  1:04  Probe  
  19  1:16  Probe  
  20  1:22  Nexus  
  20  1:32  Cybernetics Core  
  20  1:36  Probe  
  21  1:44  Assimilator  
  21  1:48  Probe  
  21  1:50  Pylon  
  22  1:59  Adept  
  22  2:00  Probe  
  23  2:12  Probe  
  26  2:24  Stargate, Probe  
  26  2:29  Adept  
  29  2:32  Probe  
  29  2:33  Assimilator  
  30  2:37  Probe  
  30  2:38  Assimilator  
  30  2:40  Probe  
  32  2:49  Probe  
  32  2:50  Probe  
  33  2:52  Warp Gate  
  33  2:58  Probe  
  34  3:01  Probe  
  36  3:06  Probe  
  36  3:08  Phoenix  
  39  3:13  Probe  
  39  3:14  Robotics Facility  
  39  3:16  Probe  
  41  3:25  Oracle, Probe  
  41  3:27  Pylon  
  42  3:28  Probe  
  46  3:43  Gateway  
  46  3:45  Probe x2  
  46  3:47  Pylon  
  48  3:50  Warp Prism  
  48  3:57  Probe x2  
  52  4:05  Oracle  
  52  4:09  Probe  
  57  4:17  Gateway x2  
  57  4:18  Pylon  
  57  4:21  Immortal  
  56  4:29  Probe  
  62  4:40  Gateway  
  62  4:41  Gateway  
  62  4:43  Sentry  
  62  4:44  Sentry  
  65  4:49  Immortal  
  65  4:54  Pylon  
  65  5:03  Pylon  
  69  5:21  Observer, Sentry x3, Stalker  
  69  5:25  Pylon  
  80  5:28  Probe x2  
  80  5:34  Sentry  
  82  5:36  Nexus  
  82  5:37  Pylon  
  82  5:47  Stalker x2  
  82  5:48  Stalker  
  88  5:53  Sentry  
  88  5:54  Stalker  
  91  5:59  Probe  
  91  6:02  Probe  
  91  6:03  Zealot  
  95  6:05  Pylon  
  95  6:20  Stalker x3  
  95  6:24  Probe  
  102  6:27  Stalker x2  
  106  6:33  Probe  
  106  6:39  Probe  
  106  6:45  Probe  
  106  6:46  Zealot x2, Sentry  
  109  6:52  Probe  
  106  6:56  Zealot x3  
  106  6:58  Probe  
Tags
 
Add a new tag
Caveats
  • Supply blocks, unpowered buildings, or Contaminate may cause inaccurate times.
  • Supply counts are checked every 10 seconds.